 Dungeon Crawl Stone Soup version 0.19.5 (webtiles) character file.

46 multipassport the Digger (level 3, -5/26 HPs)
             Began as a Demigod Earth Elementalist on May 14, 2017.
             Slain by a gnoll
             ... wielding a +0 flail
              (9 damage)
             ... on level 2 of the Dungeon.
             The game lasted 00:08:33 (1099 turns).

multipassport the Digger (DgEE)                     Turns: 1099, Time: 00:08:33

Health: -5/26      AC:  2    Str: 11    XL:     3   Next: 27%
Magic:  7/9        EV: 12    Int: 21    God:
Gold:   16         SH:  2    Dex: 16    Spells: 2 memorised, 3 levels left

rFire  . . .     SeeInvis .     h - +0 whip (venom)
rCold  . . .     Gourm    .     c - +0 robe
rNeg   . . .     Faith    .     (no shield)
rPois  .         Spirit   .     (no helmet)
rElec  .         Reflect  +     (no cloak)
rCorr  .         Harm     .     (no gloves)
MR     .....                    (no boots)
Stlth  ++........               i - +2 amulet of reflection
                                (no ring)
                                (no ring)

@: no status effects
A: high mp 1
a: no special abilities


You were on level 2 of the Dungeon.
You were not hungry.

You visited 1 branch of the dungeon, and saw 2 of its levels.

You collected 16 gold pieces.

Inventory:

Hand Weapons
 h - a +0 whip of venom (weapon)
 l - a +3 dagger
Missiles
 b - 31 stones (quivered)
Armour
 c - a +0 robe (worn)
Jewellery
 i - a +2 amulet of reflection (around neck)
Scrolls
 a - 2 scrolls of immolation
 g - a scroll of recharging {unknown}
Potions
 j - a potion of lignification {unknown}
Books
 e - a book of Geomancy

   Spells                             Type                      Level
   a - Sandblast                      Earth                        1
   b - Passwall                       Transmutation/Earth          2
   c - Stone Arrow                    Conjuration/Earth            3
   d - Petrify                        Transmutation/Earth          4
   e - Lee's Rapid Deconstruction     Earth                        5
Comestibles
 d - 2 bread rations
 f - a meat ration
 k - 5 fruits
 m - 2 chunks of flesh


   Skills:
 - Level 1.7 Dodging
 - Level 1.7 Stealth
 + Level 2.4 Spellcasting
 - Level 0.8 Transmutations
 + Level 3.6 Earth Magic


You had 3 spell levels left.
You knew the following spells:

 Your Spells              Type           Power        Failure   Level  Hunger
a - Sandblast             Erth           ###...       3%          1    None
b - Passwall              Tmut/Erth      ##........   12%         2    ##.....


Dungeon Overview and Level Annotations

Branches:
Dungeon (2/15)


Innate Abilities, Weirdness & Mutations

You have an increased reservoir of magic. (+10% MP)


Message History

You hit the giant cockroach but do no damage.
The giant cockroach looks as sick as possible!
The giant cockroach is almost dead.
You kill the giant cockroach!
You closely miss the gnoll. The gnoll barely misses you.
You hit the gnoll but do no damage.
The gnoll is poisoned.
The gnoll hits you with a flail!
You hit the gnoll but do no damage.
The gnoll looks even sicker.
The gnoll is lightly wounded.
The gnoll hits you with a flail!
* * * LOW HITPOINT WARNING * * *
Casting: Sandblast
Confirm with . or Enter, or press ? or * to list all spells.
Aiming: Sandblast
Press: ? - help, Shift-Dir - straight line, f - gnoll
Aim: a gnoll, wielding a flail (lightly wounded, poisoned)
The blast of sand hits the gnoll.
The gnoll is lightly wounded.
The gnoll hits you with a flail!
You die...

#g#.. +.........+ .. #
#.#.####### #.........# ..
....##.#.#.....####.........#.##
.......gs.....=.................
....##.#.#............###.##....
. #.#.#####.######.# .# ...
#.#............#.# .# ..
#.########g###.#.# .# . .. #.
#@......# .... ## ####)#####..#
#...<.......# #.########..# #. #
##


You could see a gnoll.

Vanquished Creatures
  A gnoll (D:2)
  A dart slug (D:1)
  3 bats (D:1)
  2 giant cockroaches (D:2)
  8 goblins
  3 hobgoblins (D:1)
  7 kobolds (D:1)
  3 ball pythons (D:1)
  2 frilled lizards (D:1)
  3 rats (D:1)
33 creatures vanquished.

Notes
Turn   | Place    | Note
-------+----------+-------------------------------------------
     0 | D:1      | multipassport the Demigod Earth Elementalist began the quest for the Orb.
     0 | D:1      | Reached XP level 1. HP: 14/14 MP: 5/5
   126 | D:1      | Reached skill level 3 in Earth Magic
   129 | D:1      | Reached XP level 2. HP: 17/20 MP: 0/7
   955 | D:1      | Reached XP level 3. HP: 26/26 MP: 9/9
   964 | D:1      | Learned a level 2 spell: Passwall
  1099 | D:2      | Slain by a gnoll

Skill      XL: |  1 |
---------------+----+-----
Spellcasting   | 2 |  2.4
Earth Magic    | 3 |  3.6
Dodging        | |  1.7
Stealth        | |  1.7
Transmutations | |  0.8

Action                   || total
-------------------------++-------
Melee: Unarmed           ||     8
       Club              ||    13
       Whip              ||    12
 Cast: Sandblast         ||    37
  Use: Scroll            ||     3
  Eat: Chunk             ||     1
Armor: Robe              ||     7
Dodge: Dodged            ||    44
